 Dungeon Crawl Stone Soup version 0.27-a0-448-gace5c5693b (webtiles) character file.

Game seed: 1048222758390803303

8207 DavidChitty2 the Basher (level 11, -21/69 HPs)
             Began as a Gargoyle Fighter on Feb 27, 2021.
             Was a High Priest of Okawaru.
             Killed by refrigeration
             ... invoked by Fannar
              (22 damage)
             ... on level 10 of the Dungeon.
             The game lasted 00:18:40 (10901 turns).

DavidChitty2 the Basher (Gargoyle Fighter)         Turns: 10901, Time: 00:18:40

Health: -21/69     AC: 44    Str: 22    XL:     11   Next: 27%
Magic:  9/15       EV:  7    Int: 10    God:    Okawaru [*****.]
Gold:   240        SH: 20    Dex: 15    Spells: 10/10 levels left

rFire    . . .     SeeInvis .   a - +1 flail (protect)
rCold    . . .     Faith    .   C - +1 tower shield {rPois}
rNeg     + . .     Spirit   .   w - +0 plate armour
rPois    ∞         Reflect  .   s - +0 helmet
rElec    +         Harm     .   i - +2 cloak
rCorr    .         Rampage  .   (no gloves)
Will     .....                  z - +2 pair of boots
Stlth    ..........             (no amulet)
HPRegen  0.21/turn              D - +4 ring of protection
MPRegen  0.14/turn              b - +6 ring of dexterity

@: heroism, finesse, protection aura
A: negative energy resistance 1, electricity resistance, unbreathing,
petrification resistance, miasma immunity, AC +8
a: Renounce Religion, Heroism, Finesse


You were on level 10 of the Dungeon.
You worshipped Okawaru.
Okawaru was extremely pleased with you.
You visited 1 branch of the dungeon, and saw 10 of its levels.

You collected 725 gold pieces.
You spent 485 gold pieces at shops.

Inventory:

Hand Weapons
 a - a +1 flail of protection (weapon)
   (You took it off an orc warrior on level 8 of the Dungeon)
Missiles
 f - 17 atropa-tipped darts
 g - a throwing net {!f}
 p - 34 poisoned darts (quivered)
Armour
 i - a +2 cloak (worn)
   (You found it on level 1 of the Dungeon)
 s - a +0 helmet (worn)
   (You found it on level 4 of the Dungeon)
 w - a +0 plate armour (worn)
   (You found it on level 5 of the Dungeon)
 z - a +2 pair of boots (worn)
   (You bought it in a shop on level 5 of the Dungeon)
 C - a +1 tower shield of poison resistance (worn)
   (You bought it in a shop on level 5 of the Dungeon)
Jewellery
 b - a +6 ring of dexterity (right hand)
   (You found it on level 4 of the Dungeon)
 x - a ring of willpower
   (You found it on level 7 of the Dungeon)
 D - a +4 ring of protection (left hand)
   (You found it on level 3 of the Dungeon)
Wands
 t - a wand of flame (15)
   (You found it on level 8 of the Dungeon)
 u - a wand of paralysis (4)
   (You found it on level 7 of the Dungeon)
 G - a wand of charming (4)
   (You found it on level 9 of the Dungeon)
Scrolls
 j - 5 scrolls of enchant weapon
 l - 3 scrolls of blinking
 n - 7 scrolls of identify {@r1}
 o - 5 scrolls of fog
 v - 5 scrolls of teleportation {@r4}
 y - a scroll of immolation {!r}
 A - a scroll of magic mapping
 F - a scroll of summoning {unknown}
Potions
 c - a potion of flight
 d - 3 potions of might
 e - 2 potions of degeneration {!q}
 h - 2 potions of magic
 k - a potion of heal wounds {@q2}
 m - 2 potions of lignification {!q}
 q - a potion of curing {@q1}
 r - a potion of haste {@q3}
 B - a potion of brilliance
 E - a potion of berserk rage


   Skills:
 + Level 8.5(13.5) Fighting
 * Level 10.3(15.3) Maces & Flails
 + Level 8.6(13.6) Armour
 + Level 8.5(13.5) Shields
 + Level 6.6 Invocations


You had 10 spell levels left.
You didn't know any spells.
Your spell library contained the following spells:

 Spells                   Type           Power        Failure   Level
 Magic Dart               Conj           0%           100%        1
 Blink                    Tloc           N/A          100%        2
 Call Imp                 Summ           0%           100%        2
 Slow                     Hex            0%           100%        2
 Conjure Flame            Conj/Fire      0%           100%        3
 Mephitic Cloud           Conj/Pois/Air  0%           100%        3


Dungeon Overview and Level Annotations

Branches:
Dungeon (10/15)            Temple (0/1) D:5            Lair (0/6) D:8
    Orc: D:9-12

Altars:
Elyvilon
Fedhas
Gozag
Nemelex Xobeh
Okawaru
Qazlal
Sif Muna
Trog
Wu Jian
Yredelemnul
Zin
The Shining One

Shops:
D:5 [[[[*

Annotations:
D:2 1 runed translucent door, Crazy Yiuf
D:9 1 runed translucent door
D:10 Fannar, Joseph, Snorg


Innate Abilities, Weirdness & Mutations

You are resistant to torment.
Your stone body is resilient. (AC +8)
You are immune to poison.
You resist negative energy. (rN+)
You are resistant to electric shocks. (rElec)
You can survive without breathing.
You are immune to petrification.
You are immune to miasma.


Message History

Really go through this one-way escape hatch?
A mysterious force pulls you upwards. The hatch slams shut behind you.
Level annotation: 1 runed translucent door You start resting.
Your hands slow down.
You feel like a meek peon again.
You start resting.
You open the door.
There is an open door here.
Key pressed, stopping travel.
You can't go down here!
You see here 12 sling bullets.
There is a stone staircase leading down here.
You climb downwards.
Level annotation: Joseph, Snorg
There is a stone staircase leading up here.
Found 19 stones.
You see here 19 stones.
As you open the door, it creaks loudly!
You hear a shout!
There is an open door here.
Fannar the Cold-Hearted comes into view.
They are wielding a staff of cold and wearing a +2 robe of cold resistance.
You gain the combat prowess of a mighty hero.
You can now deal lightning-fast blows.
Fannar brushes some snowflakes from their robe.
Fannar hits you but does no damage. Fannar freezes you.
You closely miss Fannar. Fannar hits you but does no damage.
Fannar freezes you!
You sock Fannar!
Your weapon exudes an aura of protection.
You miss Fannar. You block Fannar's attack.
You thump Fannar! You hit Fannar. You closely miss Fannar.
Fannar hits you but does no damage. Fannar freezes you.
You hit Fannar but do no damage. You miss Fannar.
Fannar casts a spell.
Fannar drains the heat from the surrounding environment!
You feel very cold.
* * * LOW HITPOINT WARNING * * *
Fannar is frozen.
Fannar resists.
You barely miss Fannar. You miss Fannar. Fannar hits you but does no damage.
Fannar freezes you!
* * * LOW HITPOINT WARNING * * *
You hit Fannar. You hit Fannar but do no damage.
Fannar casts a spell.
Fannar drains the heat from the surrounding environment!
You feel very cold.
You die...

##########.......#.###+#####
## .##......#.#.....#..
.####'#..'.......####
.#....#..######+#########
.#.##.+.......... .......
)'....#.......... .....
.###########+#### ...# .#
#........####...#### .#
+.#.(###.#e@........ .#
#....# #.'.......... .#
#....###.#.......... .#
#........####+###### .. .#
#........... .# #.########..
#........... ### #........##
... #####..#.....+ ...


You could see Fannar (icy armour).

Vanquished Creatures
  A death yak (D:8)
  An ugly thing (D:8)
  Maggie (D:10)
  2 polar bears (D:8)
  A troll (D:10)
  Prince Ribbit (D:5)
  A shadow (D:9)
  Sigmund (D:2)
  4 wraiths (D:9)
  Eustachio (D:6)
  9 fire bats (D:9)
  Menkaure (D:6)
  A steam dragon (D:9)
  A black bear (D:6)
  2 ice beasts
  4 orc warriors
  An ogre (D:7)
  2 necrophages
  6 centaurs
  2 phantoms
  3 bullfrogs
  2 scorpions
  A water moccasin skeleton (D:7)
  8 wights
  An electric eel (D:8)
  A howler monkey (D:5)
  2 bullfrog zombies
  A jelly (D:9)
  A centaur skeleton (D:10)
  2 bullfrog skeletons
  A centaur zombie (D:5)
  3 orc priests
  A hound (D:7)
  2 iguanas (D:7)
  5 orc wizards
  5 worker ants
  A killer bee zombie (D:5)
  3 centaur simulacra (D:8)
  A hound skeleton (D:7)
  A worker ant zombie (D:5)
  7 gnolls
  13 adders
  2 shadow imps
  5 white imps
  5 ufetubi (D:8)
  2 oozes
  An adder skeleton (D:7)
  4 leopard geckos
  35 orcs
  42 bats
  8 giant cockroaches
  7 goblins
  7 hobgoblins
  2 jackals (D:9)
  8 kobolds
  4 quokkas
  7 frilled lizards
  8 rats
255 creatures vanquished.

Vanquished Creatures (others)
  A fire bat (D:9)
  A fungus (D:2)
2 creatures vanquished.

Grand Total: 257 creatures vanquished

Notes
Turn   | Place    | Note
-------+----------+-------------------------------------------
     0 | D:1      | DavidChitty2 the Gargoyle Fighter began the quest for the
                  | Orb.
     0 | D:1      | Reached XP level 1. HP: 14/14 MP: 1/1
    74 | D:1      | Reached XP level 2. HP: 11/19 MP: 2/2
   402 | D:1      | Reached XP level 3. HP: 17/23 MP: 3/3
   929 | D:2      | Noticed Sigmund
  1194 | D:2      | Found a runed translucent door.
  1195 | D:2      | Noticed Crazy Yiuf
  1541 | D:2      | Killed Sigmund
  1542 | D:2      | Reached skill level 3 in Maces & Flails
  1542 | D:2      | Reached XP level 4. HP: 15/29 MP: 4/4
  1542 | D:2      | Reached XP level 5. HP: 17/33 MP: 5/5
  1750 | D:2      | Reached skill level 4 in Maces & Flails
  1764 | D:2      | Reached XP level 6. HP: 35/39 MP: 6/6
  2232 | D:3      | Found a white marble altar of Elyvilon.
  2829 | D:3      | Reached XP level 7. HP: 25/44 MP: 7/7
  3017 | D:4      | Reached skill level 5 in Maces & Flails
  3384 | D:4      | Reached skill level 5 in Armour
  3481 | D:4      | Reached skill level 5 in Fighting
  3580 | D:4      | Found an iron altar of Okawaru.
  3626 | D:4      | Became a worshipper of Warmaster Okawaru
  3702 | D:4      | Reached skill level 5 in Shields
  3913 | D:4      | Found a glowing silver altar of Zin.
  4008 | D:5      | Entered Level 5 of the Dungeon
  4165 | D:5      | Found a staircase to the Ecumenical Temple.
  4172 | D:5      | Noticed Prince Ribbit
  4485 | D:5      | Found Cumomeat's Armour Shoppe.
  4509 | D:5      | Killed Prince Ribbit
  4510 | D:5      | Reached skill level 1 in Invocations
  4696 | D:5      | Reached XP level 8. HP: 49/49 MP: 7/9
  4725 | D:5      | Found Otyr's Antique Armour Shop.
  4734 | D:5      | Bought a tower shield for 103 gold pieces
  4734 | D:5      | Bought a pair of glowing boots for 172 gold pieces
  4965 | D:5      | Reached skill level 6 in Maces & Flails
  4993 | D:5      | Found Qetilueb's General Store.
  5049 | D:5      | Found Yluuhi's Antique Armour Shop.
  5103 | D:5      | Found Midwavot's Armour Boutique.
  5252 | D:5      | Found an iron altar of Okawaru.
  5252 | D:5      | Found a faded altar of an unknown god.
  5259 | D:5      | Found a stormy altar of Qazlal.
  5261 | D:5      | Found a shimmering blue altar of Sif Muna.
  5263 | D:5      | Found a faded altar of an unknown god.
  5381 | D:5      | Found a glowing golden altar of the Shining One.
  5487 | D:6      | Reached * piety under Okawaru
  5639 | D:6      | Noticed Eustachio
  5650 | D:6      | Killed Eustachio
  5816 | D:6      | Noticed Menkaure
  5822 | D:6      | Killed Menkaure
  5900 | D:6      | Reached ** piety under Okawaru
  5901 | D:6      | Reached skill level 7 in Maces & Flails
  5901 | D:6      | Reached XP level 9. HP: 41/55 MP: 11/11
  6559 | D:7      | Found a blossoming altar of Fedhas.
  6814 | D:7      | Reached skill level 8 in Maces & Flails
  6836 | D:7      | Found a bloodstained altar of Trog.
  7180 | D:5      | Bought a shiny tower shield for 210 gold pieces
  7288 | D:8      | Found a staircase to the Lair.
  7295 | D:8      | Noticed a purple ugly thing
  7332 | D:8      | Killed a purple ugly thing
  7332 | D:8      | Reached *** piety under Okawaru
  7333 | D:8      | Reached XP level 10. HP: 48/63 MP: 13/13
  7797 | D:8      | Found an ornate altar of the Wu Jian Council.
  7889 | D:8      | Reached skill level 5 in Invocations
  8069 | D:8      | Noticed a death yak
  8112 | D:8      | Killed a death yak
  8113 | D:8      | Reached skill level 9 in Maces & Flails
  8331 | D:8      | Reached **** piety under Okawaru
  8640 | D:8      | Received a gift from Okawaru
  9348 | D:9      | Found a runed translucent door.
  9425 | D:9      | Found a glowing silver altar of Zin.
  9528 | D:9      | Found an opulent altar of Gozag.
  9560 | D:9      | Found a sparkling altar of Nemelex Xobeh.
  9705 | D:9      | Found a basalt altar of Yredelemnul.
  9745 | D:9      | Noticed a flayed ghost
  9868 | D:9      | Found a glowing golden altar of the Shining One.
  9876 | D:9      | Reached ***** piety under Okawaru
  9882 | D:9      | Reached XP level 11. HP: 68/68 MP: 15/15
  9903 | D:9      | Found a blossoming altar of Fedhas.
  9929 | D:9      | Reached skill level 10 in Maces & Flails
 10031 | D:9      | Received a gift from Okawaru
 10215 | D:10     | Entered Level 10 of the Dungeon
 10425 | D:10     | Noticed Maggie
 10447 | D:10     | Killed Maggie
 10447 | D:10     | Received a gift from Okawaru
 10558 | D:10     | Noticed Snorg
 10566 | D:10     | Noticed Joseph
 10886 | D:10     | Noticed Fannar
 10899 | D:10     | HP: 1/69 [Fannar/staff of cold (15)]
 10901 | D:10     | Killed from afar by Fannar

Illustrated notes

Levels and vault maps discovered:
D:1:      sevenhm_arrival_forest_fort_small_6, layout_rooms
D:2:      layout_loops_cross, uniq_crazy_yiuf_cottage, uniq_sigmund
D:3:      layout_rooms, lemuel_crystal_altar
D:4:      layout_loops_corners, zin_academy, okawaru_metal_pillars_3
D:5:      layout_loops_ring, kennysheep_mini_moat,
          chequers_temple_overflow_minitemple, minmay_temple_entry_mist,
          serial_shops, shop, shop, shop, nicolae_shop_crystal, shop,
          uniq_prince_ribbit1
D:6:      layout_basic, uniq_eustachio, uniq_menkaure
D:7:      layout_rooms, fedhas_altar_2, trog_butcher_becter
D:8:      layout_rooms, kennysheep_mini, lair_entry_dummy, serial_ice,
          serial_ice_b, serial_ice_d, serial_ice_e, serial_ice_n, serial_ice_o,
          serial_ice_k, serial_ice_g, serial_ice_c, serial_ice_h, serial_ice_a
D:9:      due_megacathedral, layout_irregular_city
D:10:     layout_stronghold, uniq_fannar, uniq_snorg, uniq_maggie, uniq_joseph

Skill      XL: |  1  2  3  4  5  6  7  8  9 10 11 |
---------------+----------------------------------+-----
Fighting       | 4 5 6 7 8 |  8.5
Maces & Flails | 3 4 5 7 8 9 10 | 10.3
Armour         | 4 5 6 7 8 |  8.6
Shields        | 4 5 6 7 8 |  8.5
Invocations    | 1 3 4 6 |  6.6

Action                   |  1- 3 |  4- 6 |  7- 9 | 10-12 || total
-------------------------+-------+-------+-------+-------++-------
Melee: Flail             |   166 |   146 |   469 |   547 ||  1328
Throw: Dart              |    24 |     6 |    23 |     1 ||    54
Invok: Heroism           |       |       |     2 |     5 ||     7
       Finesse           |       |       |       |     2 ||     2
Evoke: Wand              |       |       |       |     4 ||     4
  Use: Scroll            |       |     7 |    10 |     3 ||    20
       Potion            |       |       |     1 |     2 ||     3
 Stab: Paralysed         |       |       |       |     5 ||     5
Armor: Scale mail        |   124 |    93 |    30 |       ||   247
       Chain mail        |       |       |    32 |       ||    32
       Plate armour      |       |       |   195 |   553 ||   748
Dodge: Dodged            |    69 |    50 |    54 |   105 ||   278
Block: Kite shield       |   119 |    94 |    68 |       ||   281
       Tower shield      |       |       |   294 |   784 ||  1078

Table legend: (Time is in decaauts)
 A = Elapsed time spent in this place.
 B = Non-inter-level travel time spent in this place.
 C = Inter-level travel time spent in this place.
 D = Time resting spent in this place.
 E = Time spent auto-exploring this place.
 F = Levels seen in this place.
 G = Mean time per level.
                   A        B        C        D        E       F      G
               +--------+--------+--------+--------+--------+-----+--------+
         Total |  11383 |  10931 |    452 |   1435 |   6568 |  10 | 1138.3 |
       Dungeon |  11383 |  10931 |    452 |   1435 |   6568 |  10 | 1138.3 |
               +--------+--------+--------+--------+--------+-----+--------+

Top non-repeatable levels by time:
     D:9: 1768 daAuts
     D:8: 1550 daAuts
     D:5: 1438 daAuts
     D:4: 1225 daAuts
     D:6: 1134 daAuts
     D:3: 1124 daAuts
     D:2: 1082 daAuts
     D:1: 864 daAuts
     D:7: 760 daAuts
    D:10: 434 daAuts
